[Event "Teplice Open 2022"]
[Site "Teplice"]
[Date "2022.06.24"]
[Round "7.9"]
[White "Sanal, Vahap"]
[Black "Seo, Jung Min"]
[Result "1-0"]
[ECO "E54"]
[WhiteElo "2575"]
[BlackElo "2483"]
[Annotator "TA"]
[PlyCount "135"]
[EventDate "2022.06.18"]
[EventType "swiss"]
[EventCountry "CZE"]
[SourceTitle "playchess.com"]
[Source "ChessBase"]
[SourceQuality "1"]
[TimeControl "40/5400+30:1800+30"]

1. c4 Nf6 2. Nc3 e6 3. d4 Bb4 4. e3 O-O 5. Bd3 d5 6. a3 Bxc3+ 7. bxc3 dxc4 8. Bxc4 c5 9. Nf3 Qc7 10. Ba2 b6 11. O-O Bb7 {[%emt 0:01:06] 11...Nbd7 is not played anymore.} 12. Re1 {[%emt 0:00:30] was the old line (12.Nd2). E54: Nimzo-Indian: Rubinstein: Main Line: 7...dxc4 8 Bxc4.} Nbd7 13. Bb2 {[%emt 0:01:31] [#]} Rac8 $146 ({Predecessor:} 13... b5 14. c4 bxc4 15. Bxc4 Rab8 16. Qe2 Nb6 17. dxc5 Bxf3 18. Qxf3 Qxc5 19. Bf1 e5 {1-0 (32) Korobov,A (2705)-Nielsen,P (2662) Eilat 2012}) 14. Rc1 {[%emt 0:07:33] The position is equal.} Rfd8 15. Nd2 (15. c4 $5 ) 15... b5 16. e4 Nb6 17. Bb3 {[%emt 0:00:35] Against Na4} e5 (17... Nc4 $11 {is more appropriate.} 18. Bxc4 (18. Nxc4 bxc4 19. Bxc4 Bxe4 $15) 18... bxc4) 18. d5 $14 c4 19. Bc2 Nbd7 20. a4 (20. Rb1 $14) 20... a6 $2 (20... b4 $1 $15 {stays ahead.}) 21. axb5 (21. Ba3 $1 $16) 21... axb5 22. Ba3 Nc5 23. Qe2 Ne8 24. Qe3 Nd6 ({Better is} 24... Rd6) 25. Ra1 $16 Nb3 26. Nxb3 cxb3 27. Bxb3 Qxc3 28. Qxc3 Rxc3 {[%emt 0:00:02] [#]} 29. Rab1 Rcc8 30. f3 Ra8 31. Bb4 f6 32. Rec1 {[%emt 0:01:46] aiming for Rc7.} Nc4 33. Bxc4 bxc4 34. Rxc4 Ba6 35. Rc7 Bd3 36. Rd1 Be2 37. Rd2 Bb5 38. Rb2 {[%emt 0:01:02] White is more active.} Rd7 39. Rc5 Bd3 40. Rc3 Ba6 41. Ra2 Rb8 42. Bc5 Rb1+ 43. Kf2 Bb5 44. Ra8+ Kf7 45. Rb8 h5 46. h4 Kg6 47. Rb6 Kf7 48. Kg3 Kg6 49. Be3 Kf7 50. Bf2 Kg6 51. d6 {[%emt 0:06:59] Black must now prevent Rc7.} Kf7 52. Rc7 Ke6 53. Rbb7 {[%emt 0:04:17] Hoping for Rxd7.} Rxc7 54. dxc7 $18 {[%emt 0:00:04][%mdl 4096] Endgame KRB-KRB} ({Inferior is} 54. Rxc7 Bd7 $11) 54... Kd7 55. c8=Q+ Kxc8 56. Rxg7 Rd1 (56... Rb3 $142 57. Rf7 Bd3 58. Rxf6 Bxe4) 57. Rf7 Rd6 {[%emt 0:00:28] [#]} 58. Rf8+ $1 Kd7 59. Rh8 Ke6 60. Rxh5 Be8 61. Rh8 Kf7 62. Rh7+ Kg6 63. Re7 Bd7 $2 (63... Bb5 {might work better.} 64. Be3 Rd7) 64. Bc5 Rd2 $2 (64... Rd3 65. Kf2 Rd2+ 66. Ke3 Rc2) 65. Be3 Rd1 66. Kf2 {[%emt 0:00:31][%cal Oh4h5] White threatens h5+! and mate.} Bc8 67. g4 (67. h5+ $142 Kxh5 68. Rg7 Rd3 69. g4+ Bxg4 70. fxg4+ Kh4 71. Kf3 Rxe3+ 72. Kxe3) 67... Rd7 68. h5# {[%emt 0:00:09] Weighted Error Value: White=0.10 (very precise) /Black=0.18 (very precise)} 1-0

[Event "Teplice Open 2022"]
[Site "Teplice"]
[Date "2022.06.24"]
[Round "7.10"]
[White "Holm, Kristian Stuvik"]
[Black "Postny, Evgeny"]
[Result "0-1"]
[ECO "E11"]
[WhiteElo "2458"]
[BlackElo "2563"]
[Annotator "ChessBase"]
[PlyCount "90"]
[EventDate "2022.06.18"]
[EventType "swiss"]
[EventCountry "CZE"]
[SourceTitle "playchess.com"]
[Source "ChessBase"]
[SourceQuality "1"]
[TimeControl "40/5400+30:1800+30"]

1. d4 Nf6 2. c4 e6 3. Nf3 Bb4+ 4. Bd2 Qe7 5. g3 Bxd2+ 6. Qxd2 Nc6 7. b3 Ne4 8. Qb2 O-O 9. Bg2 d6 10. O-O f5 11. b4 a5 12. b5 Nd8 13. Nc3 Nf7 14. Nxe4 fxe4 15. Nd2 d5 16. Rac1 c6 17. bxc6 bxc6 18. cxd5 cxd5 19. Rc5 Ba6 20. Nb3 a4 21. Na5 a3 22. Qd2 Rac8 23. Rfc1 Rxc5 24. dxc5 Qf6 25. f4 Rb8 26. Nc6 Rb2 27. Qa5 Bb7 28. Qc7 Bxc6 29. Qxc6 h6 30. Qe8+ Kh7 31. c6 Nd6 32. Qd7 Qd4+ 33. Kh1 Rxa2 34. Bh3 Ra1 35. Rxa1 Qxa1+ 36. Kg2 Qe1 37. Bxe6 Qxe2+ 38. Kh3 Qh5+ 39. Kg2 a2 40. Qd8 Qf3+ 41. Kh3 Qh5+ 42. Kg2 a1=Q 43. Qg8+ Kg6 44. f5+ Kf6 45. Qf8+ Nf7 0-1

[Event "Teplice Open 2022"]
[Site "Teplice"]
[Date "2022.06.24"]
[Round "7.11"]
[White "Vlasak, Lukas"]
[Black "Stocek, Jiri"]
[Result "0-1"]
[ECO "B08"]
[WhiteElo "2437"]
[BlackElo "2533"]
[Annotator "TA"]
[PlyCount "102"]
[EventDate "2022.06.18"]
[EventType "swiss"]
[EventCountry "CZE"]
[SourceTitle "playchess.com"]
[Source "ChessBase"]
[SourceQuality "1"]
[TimeControl "40/5400+30:1800+30"]

1. d4 d6 2. e4 Nf6 3. Nc3 g6 4. Nf3 Bg7 5. Be2 O-O 6. O-O a6 7. h3 Nc6 8. d5 {[%emt 0:05:53] B08: Pirc Defence: Classical System.} Na7 9. a4 {[%emt 0:00:31] Against Nb5} c6 10. Re1 {[%emt 0:02:26] White is slightly better.} Bd7 11. Bf1 {[%emt 0:05:58] [#]} Re8 $5 $146 {[%emt 0:03:42][%mdl 8] An interesting novelty.} ({Predecessor:} 11... b5 12. axb5 Nxb5 13. Na4 c5 14. c4 Nc7 15. e5 Nfe8 16. Bd2 Rb8 17. Bc3 Rb7 {½-½ (57) Sahil,T (2260)-David,A (2425) Bucharest 2019}) 12. Be3 Qa5 13. Ra3 Nc8 14. Qd2 Rb8 15. Bf4 cxd5 16. Nxd5 ({White should try} 16. exd5 $11 Nb6 17. Rxe7 (17. Rd1 Rbc8 $11) 17... Rxe7 18. Bxd6 Nbxd5 19. Nxd5 (19. Bxb8 Nxc3 20. Qxc3 Qxc3 $11) 19... Qxd5 20. Rd3 (20. Bxe7 Qxd2 21. Nxd2 Re8 $11)) 16... Qxd2 $15 17. Nxf6+ Bxf6 18. Nxd2 Bxb2 19. Rb3 Be5 20. Bxe5 dxe5 21. Bxa6 Nd6 22. Bb5 Bxb5 23. axb5 Rec8 24. c4 Nxc4 25. Nxc4 Rxc4 $17 {[%emt 0:00:04][%mdl 4096] Endgame KRR-KRR} 26. Rb2 Rd8 27. f3 f6 28. Ra1 Kf7 29. Ra7 Rd7 30. Kf2 h5 31. h4 Ke6 32. Ra8 f5 33. exf5+ gxf5 34. Kg3 e4 35. Re2 Ke5 {[%emt 0:01:12] White must now prevent ...f4+.} 36. f4+ Kd5 37. Rh8 Rc3+ (37... e5 $5 38. Rxh5 Rf7 39. fxe5 Kxe5 $17) 38. Kf2 Kc4 39. Rxh5 e6 40. Rh6 Rg7 {[%emt 0:01:06] Strongly threatening ...Rg4.} (40... Kxb5 41. Rxe6 Rh7 42. Rf6 $14) 41. Rh8 (41. Rxe6 $15 Rg4 42. Re7) 41... Rcg3 (41... Kxb5 $6 42. Rb2+ Kc5 43. Rc8+ Kd4 44. Rd8+ Kc5 45. Rc8+ Kd4 46. Rd8+ Kc5 47. Rc8+ $11) (41... Rb3 $142 {...Rg4 is the strong threat.} 42. Rc2+ Kxb5) 42. Rc8+ Kb4 (42... Kxb5 43. Rb2+) 43. Kf1 {[%emt 0:01:13] [#]} ({Better is} 43. Kg1) 43... Rb3 $1 (43... Kxb5 {leads to mate.} 44. Rb2+) 44. Rec2 {[%emt 0:11:20] [#]} (44. h5 $17) 44... Rg4 $1 $19 ({Worse is} 44... Kxb5 45. R8c7 Rxc7 46. Rxc7 $15) 45. R8c4+ Ka5 46. Ra2+ $2 (46. Rc7) 46... Kb6 ({Avoid the trap} 46... Kxb5 $2 47. Rc7 Rxf4+ 48. Ke1 $19) 47. Rd4 Rxf4+ 48. Ke1 Rb1+ 49. Ke2 Rg4 50. Ke3 Rb3+ 51. Kf2 e3+ {[%emt 0:00:10] Weighted Error Value: White=0.50/Black=0.09 (flawless)} 0-1

[Event "Teplice Open 2022"]
[Site "Teplice"]
[Date "2022.06.24"]
[Round "7.12"]
[White "Kozak, Adam"]
[Black "Das, Arghyadip"]
[Result "1/2-1/2"]
[ECO "A49"]
[WhiteElo "2532"]
[BlackElo "2472"]
[Annotator "TA"]
[PlyCount "81"]
[EventDate "2022.06.18"]
[EventType "swiss"]
[EventCountry "CZE"]
[SourceTitle "playchess.com"]
[Source "ChessBase"]
[SourceQuality "1"]
[TimeControl "40/5400+30:1800+30"]

1. Nf3 Nf6 2. g3 g6 3. b3 Bg7 4. Bb2 O-O 5. Bg2 d6 6. d4 b5 {[%emt 0:00:25] A49: 1 d4 Nf6 2 Nf3 g6 3 g3: Anti-King's Indian systems.} 7. O-O Bb7 8. Qd3 a6 {[%emt 0:06:42] The position is equal.} 9. c4 bxc4 10. bxc4 Nbd7 11. Nbd2 {[%emt 0:00:30] [#]} c5 $146 ({Predecessor:} 11... a5 12. Rab1 Rb8 13. Bc3 c5 14. d5 Ba6 15. Rxb8 Nxb8 16. e4 Nbd7 17. Rb1 Qc7 {½-½ (45) Triapishko,A (2506)-Gabrielian,A (2464) Chess.com INT 2021}) 12. d5 a5 13. e4 Nb6 14. Rab1 Ba6 15. Rfe1 a4 16. Qc2 Bc8 17. a3 Rb8 18. h3 Qc7 19. Rbd1 Nfd7 20. Bxg7 Kxg7 21. Qc3+ f6 22. Nh2 {[%emt 0:00:55] White is more active.} Ne5 23. f4 Nf7 24. Nhf3 e5 {[%emt 0:03:06] [#]} 25. dxe6 $1 Bxe6 26. Nh2 (26. g4 $16) 26... Nd8 $11 27. Nhf3 Kg8 28. e5 dxe5 $1 29. fxe5 f5 30. Ng5 Qe7 31. h4 h6 32. Nh3 $36 {[%emt 0:00:09][%mdl 2048] White has good play.} g5 {[%emt 0:00:20] Against Nf4} 33. hxg5 hxg5 34. g4 fxg4 35. Nf2 Qg7 (35... Qf7 36. Nde4 Nd7 37. Qe3 $16) 36. Nfe4 Nd7 {[%emt 0:00:21] Inhibits Nf6+.} 37. Qe3 Nf7 $2 ({Resist} 37... Nxe5 38. Nxc5 Nxc4 39. Nxc4 Bxc4 40. Nd7 $16 (40. Rd4 Bb3 $14)) (37... Rf5 $11 {and Black is okay.}) 38. Nf6+ $1 $18 ({Stronger than} 38. Nxc5 Nxc5 39. Qxc5 Qh6 $15) 38... Kh8 39. Nxd7 {[%emt 0:00:47] The board is on fire.} Bxd7 40. Ne4 $2 ({Worse is} 40. Qxc5 Be6 $11) (40. e6 $18 Rfe8 41. Bd5) 40... Nxe5 $15 {[%emt 0:01:20] [#] Threatens to win with ...Nf3+.} 41. Qxg5 {[%emt 0:17:36] Weighted Error Value: White=0.19 (very precise) /Black=0.23 (precise)} 1/2-1/2

[Event "Teplice Open 2022"]
[Site "Teplice"]
[Date "2022.06.24"]
[Round "7.13"]
[White "Dahale, Atul"]
[Black "Iniyan, P."]
[Result "0-1"]
[ECO "E59"]
[WhiteElo "2153"]
[BlackElo "2518"]
[Annotator "TA"]
[PlyCount "102"]
[EventDate "2022.06.18"]
[EventType "swiss"]
[EventCountry "CZE"]
[SourceTitle "playchess.com"]
[Source "ChessBase"]
[SourceQuality "1"]
[TimeControl "40/5400+30:1800+30"]

1. d4 Nf6 2. c4 e6 3. Nc3 Bb4 4. e3 O-O 5. Bd3 d5 6. Nf3 c5 7. O-O dxc4 8. Bxc4 Nc6 9. a3 Bxc3 10. bxc3 Qc7 11. Qe2 {[%emt 0:03:08] 11.Re1 is the modern continuation.} e5 12. h3 {[%emt 0:02:00] E59: Nimzo-Indian: Rubinstein: Main Line: 7...Nc6 8 a3 Bxc3 9 bxc3 dxc4.} Bf5 13. Bb5 (13. dxc5 Na5 $15) 13... e4 {[%emt 0:09:07] [#]} 14. Bxc6 $146 {[%emt 0:03:52] The position is equal.} ({Predecessor:} 14. Nd2 Rfd8 15. Nb3 b6 16. Bb2 Ne7 17. Rfd1 Ng6 18. dxc5 bxc5 19. Rxd8+ Rxd8 20. Rd1 Rxd1+ 21. Qxd1 {½-½ (36) Von Krogh,C (2233)-Karagianis,P (2190) Las Vegas 2015}) 14... bxc6 15. Ne5 Rfb8 (15... Nd5 $5 ) 16. a4 Nd5 17. Ba3 $1 Be6 (17... Nxc3 $14 18. Qc4 cxd4 19. exd4 Nd5) 18. Bxc5 (18. Rfc1 $16) 18... f6 $14 19. c4 Nb4 20. Bxb4 Rxb4 21. Qe1 (21. d5 $5 Qxe5 22. dxe6 $11) 21... Rb6 22. a5 Rb7 23. a6 Rb6 (23... Rbb8 24. Nxc6 Qxc6 25. d5 Bxd5 26. cxd5 Qxd5 27. Qa5 Qxa5 28. Rxa5 $14) 24. Qa5 {[%emt 0:01:11] And now c5 would win.} ({Of course not} 24. c5 Rb5 25. Ng4 Bc4 $15) 24... Qc8 (24... fxe5 $2 25. c5 $18) 25. Ng4 Bxc4 26. Rfc1 Bxa6 27. d5 Bb7 28. Rc4 {[%emt 0:02:23] [#]} (28. d6 $11) 28... Qd8 (28... Qf5 $1 $17 29. d6 Qe6) 29. dxc6 $11 Bxc6 (29... Rxc6 $15 30. Qxd8+ Rxd8 31. Rxe4 Rdc8) 30. Rac1 Qd5 31. Rc5 Qd6 32. Qa2+ Kh8 33. Qc4 Bb7 34. Rc7 ({White should try} 34. Qa4 $11 h6 35. Nh2) 34... Qd5 (34... Bd5 $1 $15 35. Qd4 Qe6) 35. Qc3 Qe6 36. Qa3 h5 37. Re7 (37. Nh2 $11) 37... Qb3 $1 $15 38. Qa5 Qb5 $17 (38... hxg4 {gets mated.} 39. Qh5+ Kg8 40. Qg6) 39. Qa2 {[%emt 0:00:46][%mdl 8192] This move loses the game for White.} (39. Qa3 $17 {is more resistant.} hxg4 40. Rxg7) 39... Bd5 $19 ({Inferior is} 39... hxg4 40. Qf7 Rg8 41. Rec7 $15) 40. Qa3 hxg4 41. Rcc7 Ra6 42. Qc1 Rc6 43. Qd1 Rxc7 44. Rxc7 Be6 45. Qd6 Qe5 46. Qe7 {[%emt 0:00:24][%csl Gc7][%cal Re7g7] [#]} f5 $1 47. Rc6 {[%emt 0:02:30] [#]} Rb8 $1 {[%emt 0:00:00] ( -> ...Rb1+)} 48. g3 (48. Qh4+ Kg8) 48... Qa1+ {[%emt 0:00:00] Black mates.} 49. Kh2 {[%emt 0:00:04] [#]} Qf1 $1 50. hxg4 (50. Qh4+ Kg8) 50... Qxf2+ 51. Kh3 fxg4+ {[%emt 0:00:00] Weighted Error Value: White=0.38/Black=0.20 (precise)} 0-1

[Event "Teplice Open 2022"]
[Site "Teplice"]
[Date "2022.06.24"]
[Round "7.14"]
[White "Sankalp Gupta"]
[Black "Pranav, Anand"]
[Result "0-1"]
[ECO "D02"]
[WhiteElo "2505"]
[BlackElo "2467"]
[Annotator "TA"]
[PlyCount "76"]
[EventDate "2022.06.18"]
[EventType "swiss"]
[EventCountry "CZE"]
[SourceTitle "playchess.com"]
[Source "ChessBase"]
[SourceQuality "1"]
[TimeControl "40/5400+30:1800+30"]

1. d4 d5 2. Nf3 Nf6 3. Bf4 c5 4. e3 Nc6 5. Nbd2 cxd4 6. exd4 {[%emt 0:00:03] D02: 1 d4 d5 2 Nf3 sidelines, including 2...Nf6 3 g3 and 2...Nf6 3 Bf4.} Bf5 7. c3 e6 8. Qb3 {[%emt 0:00:57] The position is equal.} Qd7 {[%emt 0:00:03] 8...Bd6 is becoming the main line.} 9. Ne5 Qc8 10. Qa4 a6 11. Nxc6 (11. Bd3 {is more complex.} Nh5 12. Be3 Bd6 13. Qd1) 11... bxc6 {[%emt 0:03:37] [#]} 12. Nb3 $146 ({Predecessor:} 12. Be2 Be7 13. O-O O-O 14. Rac1 c5 15. dxc5 Bxc5 16. Nb3 Nd7 17. Nxc5 Nxc5 18. Qd4 Nd7 19. c4 {0-1 (40) Tionko,E (1801)-Wan,K (1402) Canberra 2009}) 12... Nd7 13. Na5 c5 14. Be2 Be7 $1 15. g4 Be4 16. f3 Bg6 17. h4 {[%emt 0:00:32] [#] And now h5 would win.} h5 18. Nc6 hxg4 (18... Bf6 $11 19. g5 Nb6) 19. Nxe7 $14 Kxe7 20. fxg4 Be4 21. O-O (21. Rf1 $14 {stays ahead.}) 21... f6 (21... Rxh4 $17 {White must now prevent ...f6.} 22. Bg5+ f6 23. Bxh4 Qh8) 22. h5 $11 g6 $36 {[%emt 0:13:43][%mdl 2048] Black has some pressure.} 23. hxg6 Rg8 24. Rf2 Rxg6 {[%emt 0:01:15] aiming for ...Qg8.} 25. Rh2 {[%emt 0:00:27] [#] Rh7+ is the strong threat.} Qg8 {[%emt 0:01:36] Against Rh7+} 26. Rh4 e5 27. Bg3 Qg7 28. dxc5 (28. Qc6 $2 Rh8 29. dxc5 Rxh4 30. Qd6+ Ke8 $19) ({White should try} 28. Rf1 $15) 28... Rh8 29. Rxh8 ({Not} 29. c6 $2 Rxh4 30. Qb4+ Ke6 31. cxd7 Rgxg4 32. Bxg4+ Rxg4 33. Qb6+ (33. d8=Q {is a self mate.} Rxg3+ 34. Kf2 Rf3+ 35. Ke1 Qg1+ 36. Ke2 Qg2+ 37. Ke1 Rf1#) 33... Kf7 34. d8=N+ (34. d8=Q Rxg3+ 35. Kf1 Bd3+ 36. Ke1 Rg1+) 34... Kg8 35. Qe6+ Kh7 $19) 29... Qxh8 {[%emt 0:00:23] Really sharp!} (29... Rxg4 $17 30. Bxg4 Qxg4 31. Rh7+ Kf8 32. Rh8+ Kg7 33. Qxe4 dxe4) 30. Kf2 $15 {[%emt 0:00:00] Hoping for c6.} Qh3 (30... Qc8 $15 {should be considered.} 31. Qa3 Nxc5) 31. Rg1 $11 Rxg4 (31... Nxc5 $2 32. Qb4 $18) (31... f5 $1 $11 32. c6 Nc5) 32. Bxg4 $16 Qxg4 33. Ke1 Qg5 {[%emt 0:04:33] ( -> ...Qe3+)} (33... Nxc5 $2 34. Qb4 Kf7 35. Qxc5 $18) 34. Ke2 {[%emt 0:02:29] Against Qe3+} ({Only move:} 34. Bf2 $16 Qc1+ 35. Qd1 Qxb2 36. Qb3 Qc1+ 37. Ke2) 34... Bd3+ $11 (34... Nxc5 $5 35. Qb4 Bd3+ 36. Kd1 Qh5+ 37. Kc1 Qh6+ 38. Kd1 Qh5+ 39. Kc1 Qh6+ 40. Kd1 Qh5+ $11) 35. Kf3 $2 (35. Kd1 $11) 35... Qh5+ $19 ({Inferior is} 35... Be4+ 36. Ke2 Bd3+ 37. Kd1 $11) 36. Kg2 Qe2+ 37. Kh3 Bf5+ 38. Kh4 Qe3 {[%emt 0:00:10] Weighted Error Value: White=0.54/Black=0.15 (very precise)} (38... Qf3 $142 39. Re1 Nf8 40. Rxe5+ fxe5 41. Kg5 Ne6+ 42. Kh6 Qxg3 43. Qd7+ Kxd7 44. c6+ Kxc6 45. Kh5 Qh3#) 0-1

[Event "Teplice Open 2022"]
[Site "Teplice"]
[Date "2022.06.24"]
[Round "7.15"]
[White "Yankelevich, Lev"]
[Black "Wagh Suyog"]
[Result "1-0"]
[ECO "E08"]
[WhiteElo "2473"]
[BlackElo "2352"]
[Annotator "TA"]
[PlyCount "75"]
[EventDate "2022.06.18"]
[EventType "swiss"]
[EventCountry "CZE"]
[SourceTitle "playchess.com"]
[Source "ChessBase"]
[SourceQuality "1"]
[TimeControl "40/5400+30:1800+30"]

1. d4 Nf6 2. c4 e6 3. Nf3 d5 4. g3 Bb4+ 5. Bd2 Be7 6. Bg2 O-O 7. O-O Nbd7 8. Qc2 c6 9. Bf4 b6 10. cxd5 {[%emt 0:00:33] 10.Nbd2 is the modern continuation.} cxd5 11. Rc1 {[%emt 0:00:04] E08: Closed Catalan: Main Line: 7 Qc2.} Bb7 12. Qb3 Rc8 13. Rxc8 {[%emt 0:00:06] The position is equal.} Qxc8 14. Nc3 a6 15. Rc1 Qa8 16. Ne5 Rc8 17. Bg5 {[%emt 0:00:33] [#]} Bd8 $146 ({Black should play} 17... Bd6 $11) ({Predecessor:} 17... Nxe5 18. dxe5 d4 19. exf6 Bxf6 20. Bxf6 gxf6 21. Qxb6 Bxg2 22. Qxd4 Bh3 23. f3 Qb8 {0-1 (60) Postny,E (2621)-Bosiocic,M (2600) Biograd 2018}) 18. Nxd7 $1 $14 {[%emt 0:15:23] 0x0.00166dcb6cdddp-1022s more active pieces.} Nxd7 19. Bxd8 Rxd8 20. Na4 b5 21. Nc5 Bc6 22. Qe3 {[%emt 0:00:55][%cal Oc5e6] Threatens to win with Nxe6!} Nxc5 23. Rxc5 ({Reject} 23. dxc5 b4 $11) 23... Qb7 {[%emt 0:00:27] Black is now going downhill.} 24. b4 h6 25. Qc3 Rc8 {[%emt 0:00:15] [#]} (25... Bd7 $16) 26. e4 $1 $18 {[%emt 0:00:24] exd5 is the strong threat.} dxe4 {[%emt 0:01:42] [#]} (26... Bd7 {was called for.}) 27. Bxe4 $1 Bxe4 28. Rxc8+ {[%emt 0:00:10][%mdl 4096] Endgame KQR-KQB} Kh7 29. Qc7 Qd5 30. Qe5 ({Not} 30. Qxf7 Bh1 31. f3 Bxf3 $16) 30... Kg6 31. Qxd5 Bxd5 {[%emt 0:00:02] KR-KB} 32. a3 Kf5 33. Rc7 Ke4 (33... e5 $142 34. dxe5 Kxe5 35. f4+ Kf5) 34. Rxf7 {[%emt 0:00:05] White is clearly winning.} e5 35. Re7 Kxd4 36. Rxg7 Kc3 37. Rg6 Kb2 38. Rxa6 {[%emt 0:00:06] Weighted Error Value: White=0.01 (flawless) /Black=0.44} 1-0

[Event "Teplice Open 2022"]
[Site "Teplice"]
[Date "2022.06.24"]
[Round "7.16"]
[White "Dixit, Nikhil"]
[Black "Blomqvist, Erik"]
[Result "0-1"]
[ECO "B74"]
[WhiteElo "2331"]
[BlackElo "2523"]
[Annotator "TA"]
[PlyCount "102"]
[EventDate "2022.06.18"]
[EventType "swiss"]
[EventCountry "CZE"]
[SourceTitle "playchess.com"]
[Source "ChessBase"]
[SourceQuality "1"]
[TimeControl "40/5400+30:1800+30"]

1. e4 c5 2. Nf3 d6 3. d4 cxd4 4. Nxd4 Nf6 5. Nc3 Nc6 6. Be2 g6 7. O-O Bg7 8. Nb3 O-O 9. Be3 Be6 10. f4 b5 {[%emt 0:01:42] 10...Rc8 is the modern continuation.} 11. Bf3 {[%emt 0:07:57] B74: Sicilian Dragon: Classical System with 9 Nb3.} Rc8 12. Nd5 Nd7 13. c3 {[%emt 0:01:31] White has an edge.} a5 {[%emt 0:00:48] [#]} 14. Nd4 $146 ({White should try} 14. a4 $14 b4 15. Be2) ({Predecessor:} 14. a3 a4 15. Nd4 Bxd5 16. exd5 Nxd4 17. Bxd4 Bxd4+ 18. Qxd4 Qb6 19. Rad1 Rc4 20. Qxb6 Nxb6 {1-0 (55) Mortensen,E (2450)-Nielsen,P (2365) Tjele 1991}) 14... Bxd5 (14... Nxd4 {seems wilder.} 15. cxd4 Bxd5 16. exd5 a4) 15. exd5 Nxd4 (15... Bxd4 $5 16. Bxd4 Nxd4 17. Qxd4 Rc4 $11) 16. Bxd4 Bxd4+ 17. Qxd4 Qb6 (17... Rc4 $5 18. Qe3 b4 $11) 18. Rfe1 Rfe8 19. Rad1 Rc4 20. Qxb6 Nxb6 21. Be2 Rc5 22. b4 Rxc3 23. Bxb5 Ra8 24. Bc6 Ra7 25. bxa5 (25. b5 $11) 25... Rxa5 $15 26. a4 {[%emt 0:03:11] Black converts the advantage convincingly.} Kf8 27. Re4 Ra3 28. Rdd4 ({White should play} 28. Rb1 $15 Nxa4 29. Rb8+ Kg7 30. Rxe7 Ra1+ 31. Kf2) 28... f5 $1 $19 29. Re1 Nxa4 30. Rb4 {[%emt 0:00:41] Black must now prevent Rb8+.} Nc5 31. Rb8+ Kf7 32. Rh8 Nd3 $1 ({And not} 32... Kg7 33. Re8 $15) 33. Rf1 (33. Rxh7+ $142 Kg8 34. Rhxe7 Nxe1 35. Rxe1) 33... Kg7 34. Re8 {[%emt 0:00:09] [#]} Ra7 35. h3 Rb3 36. Rf3 h5 {[%emt 0:03:45][%cal Bh7h5,Bh5h4][%mdl 32] Threatens to win with ...Ra1+.} 37. Kh2 Nc5 {[%emt 0:01:21] Hoping for ...Rxf3.} 38. Rxb3 Nxb3 39. Ra8 $2 (39. g4) 39... Rxa8 40. Bxa8 {[%emt 0:00:04][%mdl 4096] Endgame [#] KB-KN} h4 41. g3 $2 (41. g4 g5 42. fxg5 fxg4 43. hxg4) 41... Nd4 {[%emt 0:30:24] Black is clearly winning.} 42. Kg2 Ne2 43. gxh4 Nxf4+ 44. Kf3 Nh5 45. Bc6 Nf6 {[%emt 0:00:00] ...Kh6 is the strong threat.} 46. Kf4 Kh6 {[%emt 0:00:00] And now ...Kh5 would win.} 47. Kf3 Kh5 48. Kg3 Ne4+ 49. Kf4 Kxh4 50. Be8 Kh5 $1 51. Bf7 Ng5 {[%emt 0:00:00] Weighted Error Value: White=0.74/Black=0.20 (precise)} 0-1

[Event "Teplice Open 2022"]
[Site "Teplice"]
[Date "2022.06.24"]
[Round "7.17"]
[White "Svanda, Ondrej"]
[Black "Budisavljevic, Luka"]
[Result "1/2-1/2"]
[ECO "C07"]
[WhiteElo "2361"]
[BlackElo "2507"]
[Annotator "TA"]
[PlyCount "60"]
[EventDate "2022.06.18"]
[EventType "swiss"]
[EventCountry "CZE"]
[SourceTitle "playchess.com"]
[Source "ChessBase"]
[SourceQuality "1"]
[TimeControl "40/5400+30:1800+30"]

1. e4 e6 2. d4 d5 3. Nd2 c5 4. Ngf3 cxd4 5. Nxd4 Nc6 6. Bb5 Bd7 7. Nxc6 bxc6 8. Bd3 Qc7 9. Qe2 {[%emt 0:00:31] C07: French Tarrasch: 3...c5, 4 Ngf3 and 4 exd5 Qxd5.} Ne7 10. O-O Ng6 11. Nf3 Be7 12. c4 dxe4 13. Bxe4 f5 14. Bc2 O-O 15. Ng5 Bxg5 (15... Rf6 $11) 16. Bxg5 $16 {[%emt 0:01:02] [#]} e5 $146 ({Predecessor:} 16... h6 17. Bd2 c5 18. Rad1 Rae8 19. Qh5 Kh7 20. Be3 Bc6 21. f4 Bb7 22. Rd2 Rd8 {0-1 (58) Dwilewicz,K (2092)-Socko,M (2421) Poronin 2021}) 17. Rad1 Rae8 18. h4 {[%emt 0:03:53] White is more active.} Rf7 19. h5 ({Better is} 19. c5 $1 $14) 19... Nf8 $1 $11 20. Bd2 Ne6 21. Bc3 {[%emt 0:00:01] Against Nd4. A strong pair of Bishops.} Nf4 22. Qd2 c5 23. Rfe1 $1 Nxh5 24. Qd6 Qxd6 25. Rxd6 e4 26. Rd5 (26. Red1 $5 Bc8 27. Ba4 $14) 26... Rc8 $1 27. Bxe4 fxe4 28. Rxh5 Bf5 29. Rg5 {[%emt 0:00:05][%cal Oc3g7] Strongly threatening Bxg7!} h6 30. Rg3 Rd8 {[%emt 0:00:34] Inhibits Rd1.  Weighted Error Value: White=0.10 (very precise) /Black=0.13 (very precise)} 1/2-1/2